 Dungeon Crawl Stone Soup version 0.16-a0-3518-gebcadde (webtiles) character file.

920 Gronka the Shield-Bearer (level 7, -2/61 HPs)
             Began as a Minotaur Fighter on Jan 6, 2015.
             Was an Initiate of Okawaru.
             Splashed by a jelly's acid (11 damage)
             ... on level 5 of the Dungeon.
             The game lasted 00:14:37 (3570 turns).

Gronka the Shield-Bearer (Minotaur Fighter)         Turns: 3570, Time: 00:14:38

Health: -2/61      AC: -23   Str: 23    XL:     7   Next: 83%
Magic:  3/3        EV:  7    Int:  5    God:    Okawaru [......]
Gold:   181        SH: 10    Dex:  9    Spells: 0 memorised, 6 levels left

rFire  + + .     SeeInvis .     y - +1 hand axe (chop)
rCold  x . .     Clarity  .     z - +0 chain mail
rNeg   . . .     SustAb   .     c - +0 shield
rPois  .         Gourm    .     (helmet restricted)
rElec  .         Spirit   .     (no cloak)
rCorr  .         Warding  .     p - +0 pair of gloves
rMut   .         Stasis   .     (no boots)
MR     .....                    D - amulet of regeneration
Stlth  ..........               u - ring of protection from fire
                                o - ring of fire

@: corroded equipment, not resistant to hostile enchantments, extremely
unstealthy
A: retaliatory headbutt, horns 2
a: Renounce Religion


You were on level 5 of the Dungeon.
You worshipped Okawaru.
Okawaru was noncommittal.
You were not hungry.

You visited 2 branches of the dungeon, and saw 6 of its levels.

You collected 181 gold pieces.

Inventory:

Hand weapons
 a - a +0 war axe
 y - a +1 hand axe of chopping (weapon)
Armour
 b - a +0 scale mail
 c - a +0 shield (worn)
 p - a +0 pair of gloves (worn)
 z - a +0 chain mail (worn)
Jewellery
 o - a ring of fire (left hand)
 u - a ring of protection from fire (right hand)
 D - an amulet of regeneration (around neck)
Magical devices
 E - a wand of frost (36)
Scrolls
 f - 3 scrolls of noise {unknown}
 h - a scroll of amnesia {unknown}
 j - 2 scrolls of remove curse {unknown}
 m - 5 scrolls of identify {unknown}
 n - 2 scrolls of enchant armour {unknown}
 q - a scroll of fear {unknown}
 t - a scroll of fog {unknown}
 x - a scroll of enchant weapon {unknown}
 C - a scroll of teleportation {unknown}
Potions
 e - a potion of might
 g - 2 potions of haste {unknown}
 k - a potion of agility {unknown}
 l - a potion of heal wounds {unknown}
 s - a potion of curing {unknown}
 v - a potion of lignification {unknown}
 w - a potion of cancellation {unknown}
 A - a potion of mutation {unknown}
Books
 B - a book of Ice

   Spells                             Type                      Level
   a - Ice Form                       Ice/Transmutation            4
   b - Metabolic Englaciation         Hexes/Ice                    5
   c - Ozocubu's Refrigeration        Ice                          6
   d - Bolt of Cold                   Conjuration/Ice              6
   e - Freezing Cloud                 Conjuration/Ice/Air          6
   f - Simulacrum                     Ice/Necromancy               6
Comestibles
 d - 3 bread rations
 i - 2 beef jerkies
 r - 2 meat rations


   Skills:
 + Level 5.5 Fighting
 + Level 5.8 Axes
 + Level 5.8 Armour
 + Level 3.7 Dodging
 + Level 0.6 Stealth
 + Level 6.2 Shields


You had 6 spell levels left.
You didn't know any spells.

Dungeon Overview and Level Annotations

Branches:
Dungeon (5/15)             Temple (1/1) D:5

Altars:
Ashenzari
Cheibriados
Dithmenos
Fedhas
Gozag
Kikubaaqudgha
Makhleb
Okawaru
Qazlal
Sif Muna
Trog


Innate Abilities, Weirdness & Mutations

You reflexively headbutt those who attack you in melee.
You have a pair of horns on your head.


Message History

The jelly is severely wounded.
You block the jelly's attack.
You hit the jelly but do no damage. The acid corrodes your equipment!
Your headbutt misses the jelly.
The jelly is severely wounded.
The jelly hits you.
You are splashed with acid!
The acid burns!
* * * LOW HITPOINT WARNING * * *
You hit the jelly. The acid corrodes your equipment!
The jelly is almost dead.
You block the jelly's attack.
You hit the jelly but do no damage. The acid corrodes your equipment!
You headbutt the jelly.
You kill the jelly!
Okawaru accepts your kill.
You hit the jelly but do no damage. The acid corrodes your equipment!
The jelly is almost dead.
The jelly hits you.
* * * LOW HITPOINT WARNING * * *
You are splashed with acid!
The acid burns!
You die...

.........#............
o.........#)...........
...........)(...........
##...###..#............. #
#+#####..###'#.(....... #
.##............#(........ #
...............#.......##+# #
#.............+.......+..# +
#...####@##..#.......#..# #
#...####J###'#.......#..' #
##.##............#.......#..#
.................#.....).#..#
.................+.......'..#
#.###..######+###.......#..#
. #.. ................#))#
.... ................#..#
.....#.....8.8.8......#..#


You could see a jelly.

Vanquished Creatures
  An ogre (D:5)
  The ghost of Gronka the Sneak, an average SpAs (D:4)
  2 jellies (D:5)
  A crimson imp (D:5)
  3 vampire bats (D:4)
  2 hounds (D:5)
  An orc priest (D:3)
  4 orc wizards
  An iguana (D:3)
  A giant frog skeleton (D:5)
  A worker ant (D:4)
  Robin (D:3)
  3 gnolls (D:3)
  7 adders
  A giant mite (D:1)
  5 giant geckos
  An ooze (D:3)
  15 orcs
  6 bats
  3 bat skeletons (D:4)
  4 bat zombies (D:4)
  7 giant cockroaches
  8 goblins
  13 hobgoblins
  9 jackals
  5 quokkas
  4 ball pythons
  A giant gecko zombie (D:5)
  14 giant newts
  11 kobolds
  A quokka skeleton (D:5)
  9 rats
146 creatures vanquished.

Notes
Turn   | Place    | Note
--------------------------------------------------------------
     0 | D:1      | Gronka, the Minotaur Fighter, began the quest for the Orb.
     0 | D:1      | Reached XP level 1. HP: 19/19 MP: 1/1
   142 | D:1      | Reached skill level 4 in Fighting
   143 | D:1      | Reached XP level 2. HP: 25/27 MP: 1/1
   858 | D:2      | Reached XP level 3. HP: 33/33 MP: 2/2
   942 | D:2      | Found a shadowy altar of Dithmenos.
   952 | D:2      | Found a burning altar of Makhleb.
  1361 | D:3      | Reached skill level 1 in Dodging
  1361 | D:3      | Reached XP level 4. HP: 31/41 MP: 2/2
  1474 | D:3      | Reached XP level 5. HP: 37/47 MP: 2/2
  1778 | D:3      | Noticed Robin
  1788 | D:3      | Killed Robin
  1935 | D:3      | Reached skill level 5 in Armour
  2290 | D:4      | Noticed Gronka's ghost (average SpAs)
  2301 | D:4      | Killed Gronka's ghost
  2301 | D:4      | Reached skill level 5 in Fighting
  2301 | D:4      | Reached XP level 6. HP: 49/56 MP: 3/3
  2417 | D:4      | Found an ancient bone altar of Kikubaaqudgha.
  2427 | D:4      | Reached skill level 5 in Shields
  2931 | D:5      | Entered Level 5 of the Dungeon
  2963 | D:5      | Reached XP level 7. HP: 61/61 MP: 3/3
  2986 | D:5      | Found a staircase to the Ecumenical Temple.
  3001 | Temple   | Entered the Ecumenical Temple
  3092 | Temple   | Became a worshipper of Warmaster Okawaru
  3307 | D:5      | Reached skill level 5 in Axes
  3511 | D:5      | Reached skill level 6 in Shields
  3570 | D:5      | Splashed by a jelly's acid

Action                   |  1- 3 |  4- 6 |  7- 9 || total
-------------------------+-------+-------+-------++-------
Melee: War axe           |    79 |   148 |       ||   227
       Hand axe          |       |     1 |    90 ||    91
  Eat: Meat ration       |     1 |       |       ||     1
       Bread ration      |       |     1 |       ||     1
